 Dungeon Crawl Stone Soup version 0.19-a0-892-g8a19e52 (webtiles) character file.

13745 Moloch the Severer (level 11, -4/86 HPs)
             Began as a Demonspawn Fighter on July 4, 2016.
             Was a High Priest of Okawaru.
             Killed by divine providence
             ... invoked by an orc priest
              (16 damage)
             ... on level 2 of the Orcish Mines.
             The game lasted 00:23:32 (10557 turns).

Moloch the Severer (Demonspawn Fighter)            Turns: 10557, Time: 00:23:33

Health: -4/86      AC: 24    Str: 19    XL:     11   Next: 79%
Magic:  0/11       EV:  7    Int: 10    God:    Okawaru [*****.]
Gold:   1178       SH:  0    Dex: 14    Spells: 0 memorised, 10 levels left

rFire  + . .     SeeInvis .     U - +3 battleaxe (venom)
rCold  . . .     Gourm    .     e - +0 chain mail
rNeg   . . .     Faith    .     (shield currently unavailable)
rPois  .         Spirit   +     j - +2 hat
rElec  .         Dismiss  .     R - +1 cloak {MR+}
rCorr  .         Reflect  .     Y - +0 pair of gloves {Dex+3}
SustAt .         Harm     .     (no boots)
MR     +....                    J - amulet of guardian spirit
Stlth  ..........               L - ring of protection from fire
                                E - +3 ring of protection

@: about to teleport, somewhat resistant to hostile enchantments, extremely
unstealthy
A: horns 2, rough black scales 2, demonic guardian 1, powered by death 1
a: Heroism, Finesse, Renounce Religion


You were on level 2 of the Orcish Mines.
You worshipped Okawaru.
Okawaru was extremely pleased with you.
You were not hungry.

You visited 3 branches of the dungeon, and saw 14 of its levels.

You collected 1376 gold pieces.
You spent 198 gold pieces at shops.

Inventory:

Hand Weapons
 U - a +3 battleaxe of venom (weapon)
 W - a +0 morningstar
Armour
 e - a +0 chain mail (worn)
 j - a +2 hat (worn)
 R - a +1 cloak of magic resistance (worn)
 Y - a +0 pair of gloves of dexterity (worn)
Jewellery
 k - an uncursed ring of ice
 v - an uncursed ring of see invisible
 E - a +3 ring of protection (left hand)
 J - an amulet of guardian spirit (around neck)
 L - a ring of protection from fire (right hand)
Wands
 c - a wand of iceblast (0/15)
 y - a wand of flame (17/48)
 M - a wand of lightning (7/15)
 S - a wand of acid (6/15)
 V - a wand of disintegration (6/24)
 Z - a wand of disintegration (10/24)
Scrolls
 b - a scroll of silence {unknown}
 h - a scroll of amnesia {unknown}
 i - 3 scrolls of recharging {unknown}
 m - 6 scrolls of teleportation
 n - 2 scrolls of fog {unknown}
 o - 5 scrolls of random uselessness {unknown}
 r - 3 scrolls of enchant weapon {unknown}
 t - 8 scrolls of remove curse
 u - 2 scrolls of enchant armour {unknown}
 x - a scroll of fear {unknown}
 z - a scroll of magic mapping {unknown}
 A - 2 scrolls of noise {unknown}
 K - a scroll of summoning {unknown}
 N - 3 scrolls of immolation {unknown}
 T - 3 scrolls of identify
Potions
 a - a potion of heal wounds
 d - 3 potions of might
 g - 3 potions of brilliance
 l - 5 potions of curing
 p - 4 potions of degeneration
 q - 2 potions of invisibility
 s - 3 potions of magic
 w - 2 potions of mutation
 C - a potion of haste
 F - a potion of flight
 O - a potion of cure mutation
Comestibles
 f - 7 bread rations
 B - 3 meat rations
 D - 2 beef jerkies
 G - 14 chunks of flesh
 H - a royal jelly
 I - 31 fruits
 X - a slice of pizza


   Skills:
 + Level 8.2 Fighting
 * Level 15.4 Axes
 - Level 2.6 Armour
   Level 2.6 Shields


You had 10 spell levels left.
You didn't know any spells.

Dungeon Overview and Level Annotations

Branches:
Dungeon (11/15)            Temple (1/1) D:5            Lair (0/6) D:10
    Orc (2/2) D:11            Elf (0/3) Orc:2

Altars:
Ashenzari
Cheibriados
Dithmenos
Elyvilon
Fedhas
Gozag
Hepliaklqana
Kikubaaqudgha
Makhleb
Nemelex Xobeh
Okawaru
Pakellas
Qazlal
Ru
Sif Muna
Trog
Uskayaw
Vehumet
Xom
Yredelemnul
Zin
The Shining One

Shops:
D:6 (   D:7 :   D:8 *   D:9 (   Orc:1 *


Innate Abilities, Weirdness & Mutations

You have a pair of horns on your head.
You are mostly covered in rough black scales. (AC +7, Dex -2)
A weak demonic guardian rushes to your aid.
You regenerate a little health from kills.


Message History

Beogh smites you!
The orc warrior hits you with an enchanted war axe!!
* * * LOW HITPOINT WARNING * * *
The orc warrior hits your iron imp with an enchanted war axe!
An orc knight comes into view. It is wielding a bardiche.
Unknown command.
Unknown command.
Unknown command.
Unknown command.
As you read the scroll labeled LEFFOO TONIB, it crumbles to dust.
You feel strangely unstable.
It was a scroll of teleportation.
The orc hits your iron imp with a club. The orc hits your iron imp.
The orc hits you but does no damage.
The orc warrior hits you from afar with a trident!
* * * LOW HITPOINT WARNING * * *
The orc priest looks braver for a moment.
The orc closely misses you. x2
The orc priest calls down the wrath of Beogh upon you.
Beogh smites you!
You die... ......#. ....### ..... <..## # #...# # ...... #.......# ...##. # .#...#. # .### # ##. .o.oo

o## ########
#...#.oo#o..# #...#..##
#...ooooo...# ........#
#o@o#
........##..ooooo.oo...#
........##....#o5o#o...#
....).# #...


o.ooo ...# ......# #.. o#.o.#o ..# .#...## ## ......... ## ..#### .. #.o.# ..
...# ##. ..... .## #.## You could see an orc knight, 4 orc warriors, 10 orc
priests, 17 orcs and a friendly iron imp.

Vanquished Creatures
  Erolcha (D:9)
  2 unseen horrors
  An orc knight (D:11)
  Pikel (D:5)
  2 hill giants (D:10)
  A manticore (D:11)
  An orc sorcerer (Orc:1)
  The ghost of Amnesiac the Gusty, a novice HEAE of Sif Muna (D:6)
  A troll (Orc:1)
  3 two-headed ogres
  A wraith (D:11)
  A wyvern (D:11)
  A hungry ghost (D:11)
  A scorpion (D:6)
  A mottled dragon (D:11)
  A warg (D:11)
  2 water moccasins (D:10)
  An ice beast (D:9)
  A black bear (D:11)
  15 orc warriors
  4 sky beasts
  2 phantoms
  A slave (D:6)
  7 ogres
  5 centaurs
  3 big kobolds
  4 giant frogs
  A gnoll sergeant (D:8)
  A water moccasin zombie (D:10)
  4 killer bees
  A jelly (D:8)
  4 wights (D:9)
  2 centaur zombies
  A howler monkey (D:4)
  3 electric eels
  2 crimson imps
  A giant frog zombie (D:9)
  6 hounds
  12 orc wizards
  19 orc priests
  3 centaur skeletons
  A giant frog skeleton (D:6)
  Jessica (D:2)
  4 iguanas
  7 worker ants
  A hound zombie (D:6)
  A worker ant zombie (D:6)
  4 gnolls (D:6)
  8 adders
  2 shadow imps
  An adder skeleton (D:4)
  A worm (D:3)
  2 dart slugs (D:2)
  A giant gecko (D:6)
  51 orcs
  3 giant cockroaches
  5 goblins
  8 hobgoblins
  8 jackals
  13 kobolds
  5 quokkas
  A ball python (D:2)
  8 bats
  A giant gecko skeleton (D:4)
  A giant newt (D:2)
  A quokka skeleton (D:7)
  5 rats
  A spectral orc (D:7)
270 creatures vanquished.

Vanquished Creatures (collateral kills)
  A hill giant (D:11)
  A two-headed ogre (D:9)
  A hippogriff (D:10)
  Edmund (D:5)
  A sky beast (D:8)
  2 ogres
  A howler monkey (D:4)
  2 orc priests
  An orc wizard (D:2)
  An adder (D:9)
  3 orcs
  A ball python (D:2)
  2 kobolds
  A giant newt (D:4)
19 creatures vanquished.

Vanquished Creatures (others)
  2 slaves (D:6)
  A centaur (D:6)
  An adder (D:6)
  2 plants (D:8)
6 creatures vanquished.

Grand Total: 295 creatures vanquished

Notes
Turn   | Place    | Note
-------+----------+-------------------------------------------
     0 | D:1      | Moloch the Demonspawn Fighter began the quest for the Orb.
     0 | D:1      | Reached XP level 1. HP: 18/18 MP: 1/1
    78 | D:1      | Reached skill level 2 in Axes
   233 | D:1      | Gained mutation: You have a pair of small horns on your head. [demonic ancestry]
   233 | D:1      | Reached XP level 2. HP: 23/24 MP: 2/2
   791 | D:2      | Reached skill level 3 in Axes
   845 | D:2      | Found a faded altar of an unknown god.
   910 | D:2      | Gained mutation: You are partially covered in rough black scales. (AC +4, Dex -1) [demonic ancestry]
   910 | D:2      | Reached XP level 3. HP: 18/29 MP: 3/3
  1051 | D:2      | Noticed Jessica
  1061 | D:2      | Killed Jessica
  1242 | D:2      | Gained mutation: A weak demonic guardian rushes to your aid. [demonic ancestry]
  1242 | D:2      | Reached XP level 4. HP: 35/35 MP: 4/4
  1270 | D:2      | Reached skill level 4 in Axes
  1450 | D:2      | Found a sacrificial altar of Ru.
  2034 | D:3      | Gained mutation: You regenerate a little health from kills. [demonic ancestry]
  2034 | D:3      | Reached XP level 5. HP: 41/41 MP: 5/5
  2060 | D:3      | You fall through a shaft!
  2067 | D:4      | Found a stormy altar of Qazlal.
  2134 | D:4      | Noticed an ogre
  2140 | D:4      | Killed an ogre
  2140 | D:4      | Reached skill level 5 in Axes
  2428 | D:4      | Reached XP level 6. HP: 47/47 MP: 6/6
  2462 | D:4      | Reached skill level 6 in Axes
  2942 | D:5      | Entered Level 5 of the Dungeon
  3184 | D:5      | Noticed Edmund
  3195 | D:5      | Reached skill level 7 in Axes
  3195 | D:5      | Reached XP level 7. HP: 52/52 MP: 7/7
  3245 | D:5      | Found a staircase to the Ecumenical Temple.
  3329 | D:5      | Found a bloodstained altar of Trog.
  3380 | Temple   | Entered the Ecumenical Temple
  3603 | Temple   | Became a worshipper of Warmaster Okawaru
  3684 | D:5      | Killed Edmund
  3912 | D:5      | Found a glowing golden altar of the Shining One.
  3913 | D:5      | Found a blossoming altar of Fedhas.
  3915 | D:5      | Found an oddly glowing altar of Pakellas.
  3915 | D:5      | Found a shattered altar of Ashenzari.
  3917 | D:5      | Found an ancient bone altar of Kikubaaqudgha.
  3918 | D:5      | Found a deep blue altar of Sif Muna.
  4054 | D:6      | Noticed Amnesiac's ghost (novice HEAE)
  4070 | D:6      | Noticed Pikel
  4094 | D:5      | Killed Pikel
  4094 | D:5      | Reached * piety under Okawaru
  4094 | D:5      | Reached ** piety under Okawaru
  4094 | D:5      | Reached skill level 9 in Axes
  4094 | D:5      | Reached XP level 8. HP: 51/58 MP: 8/8
  4114 | D:6      | Killed Amnesiac's ghost
  4127 | D:6      | Found Zajeos's Antique Weapon Shoppe.
  4314 | D:6      | Reached *** piety under Okawaru
  4376 | D:6      | Reached skill level 10 in Axes
  4494 | D:6      | Noticed a two-headed ogre
  4499 | D:6      | Killed a two-headed ogre
  4944 | D:7      | Gained mutation: You have a pair of horns on your head. [demonic ancestry]
  4944 | D:7      | Reached XP level 9. HP: 61/63 MP: 9/9
  4975 | D:7      | Found a white marble altar of Elyvilon.
  5032 | D:7      | Reached skill level 11 in Axes
  5119 | D:7      | Reached **** piety under Okawaru
  5147 | D:7      | Gained mutation: You are mostly covered in rough black scales. (AC +7, Dex -2) [mutagenic meat]
  5320 | D:7      | Found a basalt altar of Yredelemnul.
  5363 | D:7      | Found Deur's Book Shop.
  6265 | D:8      | Found Aczetudd's General Store.
  6284 | D:8      | Reached skill level 12 in Axes
  6287 | D:8      | Bought a +1 cloak of magic resistance for 198 gold pieces
  7127 | D:9      | Noticed Erolcha
  7137 | D:9      | Killed Erolcha
  7137 | D:9      | Reached ***** piety under Okawaru
  7137 | D:9      | Reached XP level 10. HP: 60/73 MP: 5/10
  7176 | D:9      | Found a burning altar of Makhleb.
  7337 | D:9      | Reached skill level 13 in Axes
  7434 | D:9      | Found Ajigeot's Antique Weapon Boutique.
  7619 | D:9      | Received a gift from Okawaru
  7619 | D:9      | Reached skill level 5 in Fighting
  7826 | D:10     | Entered Level 10 of the Dungeon
  7850 | D:10     | Noticed a hill giant
  7857 | D:10     | Killed a hill giant
  8099 | D:10     | Noticed a hill giant
  8104 | D:10     | Killed a hill giant
  8229 | D:10     | Killed an unseen horror
  8243 | D:10     | Found a staircase to the Lair.
  8476 | D:11     | Reached skill level 14 in Axes
  8491 | D:11     | Noticed a manticore
  8500 | D:11     | Noticed a hill giant
  8505 | D:11     | Killed a manticore
  8505 | D:11     | Reached XP level 11. HP: 83/83 MP: 11/11
  8513 | D:11     | Killed a hill giant
  8557 | D:11     | Received a gift from Okawaru
  8992 | D:11     | Killed an unseen horror
  9084 | D:11     | Found a staircase to the Orcish Mines.
  9172 | Orc:1    | Entered Level 1 of the Orcish Mines
  9461 | Orc:1    | Noticed an orc knight
  9462 | Orc:1    | Noticed an orc sorcerer
  9491 | D:11     | Killed an orc knight
  9638 | Orc:1    | Killed an orc sorcerer
  9697 | Orc:1    | Reached skill level 15 in Axes
  9833 | Orc:2    | Entered Level 2 of the Orcish Mines
 10032 | Orc:2    | Found a staircase to the Elven Halls.
 10392 | Orc:1    | Found Emacut Bycu's General Store.
 10557 | Orc:2    | Noticed an orc knight
 10557 | Orc:2    | Killed from afar by an orc priest

Vault maps used:
D:1:      dpeg_arrival_rooms_b, minmay_strange_pillars, kennysheep_crisscross,
          columned_hall_lemuel
D:2:      nicolae_ru_great_annihilating_truth, ecumenical_altar_2, minivault_19,
          uniq_jessica
D:4:      nicolae_qazlal_general_emergency
D:5:      grunt_temple_overflow_open, first_bread, trog_book, uniq_edmund
D:6:      serial_shops, shop, uniq_pikel
D:7:      old_standard_altar, yredelemnul_forgotten_temple_becter, serial_shops,
          nicolae_shop_trees, grunt_ministairs_6, nicolae_water_bricks
D:8:      serial_shops, shop, serial_bayou, serial_bayou_pond_a,
          serial_bayou_lagoon_a, serial_bayou_pond_e, serial_bayou_pond_a,
          serial_bayou_pond_a, serial_bayou_crossing, st_stairs_5
D:9:      lemuel_doored_altar, serial_shops, shop, uniq_erolcha
D:10:     dpeg_oklobed_lair, uniq_erica
D:11:     orc_0_dummy, blue_anna_alchemist, grunt_ministairs_9
Temple:   minmay_temple_curvy_loop
Orc:1:    serial_shops, shop_statue
Orc:2:    st_orc_pillars

Skill      XL: |  1  2  3  4  5  6  7  8  9 10 11 |
---------------+----------------------------------+-----
Axes           | 2 3 4 5 7 9 10 12 14 15 | 15.4
Fighting       | 4 6 8 |  8.2
Armour         | |  2.6
Shields        | |  2.6

Action                   |  1- 3 |  4- 6 |  7- 9 | 10-12 || total
-------------------------+-------+-------+-------+-------++-------
Melee: War axe           |    91 |   157 |   307 |    39 ||   594
       Headbutt          |     6 |    26 |    53 |    64 ||   149
       Battleaxe         |       |       |       |   279 ||   279
Invok: Heroism           |       |       |     1 |     3 ||     4
Evoke: Wand              |       |     6 |    10 |    11 ||    27
  Use: Scroll            |       |       |    11 |     8 ||    19
       Potion            |       |       |     1 |       ||     1
 Stab: Paralysed         |       |     1 |       |       ||     1
       Distracted        |       |       |     6 |     3 ||     9
       Invisible         |       |       |     7 |       ||     7
       Confused          |       |       |     1 |       ||     1
  Eat: Chunk             |     1 |     7 |    14 |    14 ||    36
Armor: Chain mail        |    87 |    90 |   173 |   297 ||   647
       Scale mail        |     1 |       |       |       ||     1
Dodge: Dodged            |    23 |    32 |    50 |   103 ||   208
Block: Shield            |    64 |    74 |   128 |    14 ||   280
